 Dungeon Crawl Stone Soup version 0.28.0-43-g3370ac3207 (webtiles) character file.

Game seed: 16744863708066261078

157 tomatow the Covered (level 5, 0/33 HPs)
             Began as a Gargoyle Fighter on Mar 9, 2022.
             Was an Initiate of Trog.
             Slain by Pikel
             ... wielding a +0 whip of freezing
              (4 damage)
             ... on level 4 of the Dungeon.
             The game lasted 00:09:14 (3724 turns).

tomatow the Covered (Gargoyle Fighter)              Turns: 3724, Time: 00:09:15

Health: 0/33       AC: 12    Str: 21    XL:     5   Next: 38%
Magic:  5/5        EV:  9    Int:  9    God:    Trog [......]
Gold:   188        SH:  4    Dex:  9    Spells: 4/4 levels left

rFire   . . .      SeeInvis .   a - +0 flail
rCold   . . .      Faith    .   c - +0 buckler
rNeg    + . .      Spirit   .   b - +0 scale mail
rPois   ∞          Reflect  .   (no helmet)
rElec   +          Harm     .   i - +0 cloak
rCorr   .          Rampage  .   (no gloves)
Will    .....                   (no boots)
Stlth   ..........              (no amulet)
HPRegen 0.11/turn               (no ring)
MPRegen 0.09/turn               (no ring)

@: about to teleport
A: sickness immunity, AC +4, negative energy resistance 1, electricity
resistance, torment resistance 1, petrification resistance
a: Renounce Religion


You were on level 4 of the Dungeon.
You worshipped Trog.
Trog was noncommittal.
You visited 2 branches of the dungeon, and saw 5 of its levels.

You collected 188 gold pieces.

Inventory:

Hand Weapons
 a - a +0 flail (weapon)
 m - a +2 dagger of freezing
Armour
 b - a +0 scale mail (worn)
 c - a +0 buckler (worn)
 i - a +0 cloak (worn)
Magical Staves
 l - a staff of fire
Jewellery
 j - a ring of flight
Scrolls
 n - a scroll of teleportation
Potions
 d - a potion of might
 e - 3 potions of attraction
 f - a potion of experience
 g - 2 potions of curing
 h - a potion of haste
 k - 2 potions of heal wounds
 o - 2 potions of lignification {unknown}
 p - a potion of mutation {unknown}


   Skills:
 + Level 3.8 Fighting
 + Level 3.9 Maces & Flails
 + Level 4.0 Armour
 + Level 0.6 Dodging
 + Level 0.1 Stealth
 + Level 3.9 Shields


You had 4 spell levels left.
You didn't know any spells.
Your spell library contained the following spells:

 Spells                   Type           Power      Damage    Failure   Level
 Ozocubu's Armour         Ice            0%         N/A       99%         3
 Metabolic Englaciation   Hex/Ice        0%         N/A       100%        5
 Simulacrum               Ice/Necr       0%         N/A       100%        6


Dungeon Overview and Level Annotations

Branches:
Dungeon (4/15)             Temple (1/1) D:4

Altars:
Ashenzari
Elyvilon
Fedhas
Hepliaklqana
Kikubaaqudgha
Nemelex Xobeh
Qazlal
Ru
Trog
Uskayaw
Vehumet
Wu Jian
Yredelemnul
Zin

Annotations:
D:4 Pikel


Innate Abilities, Weirdness & Mutations

You are immune to sickness and miasma.
Your stone body is resilient. (AC +4)
You are immune to poison.
You resist negative energy. (rN+)
You are resistant to electric shocks. (rElec)
You are resistant to unholy torment.
You are immune to petrification.


Message History

You hit the adder skeleton.
You destroy the adder skeleton!
Trog accepts your kill.
Your Armour skill increases to level 4!
You open the door.
There is an open door here.
There is an open door here.
A lemure comes into view.
The lemure shouts!
A lemure comes into view.
The lemure moves out of view.
Pikel, Merchant of Souls comes into view.
He is wielding a +0 whip of freezing.
A lemure comes into view.
Pikel shouts!
The lemure shouts!
You miss the lemure. The lemure closely misses you.
You closely miss the lemure. You block the lemure's attack.
You hit the lemure but do no damage.
The lemure hits you but does no damage. x2
You sock the lemure!
The lemure is heavily wounded.
You hit Pikel but do no damage. Pikel completely misses you.
You hit Pikel but do no damage.
Pikel hits you with a +0 whip of freezing.
Pikel freezes you.
You closely miss Pikel. Pikel hits you but does no damage.
Pikel hits you with a +0 whip of freezing!
Pikel freezes you.
You barely miss Pikel.
A lemure comes into view.
Pikel hits you with a +0 whip of freezing!
* * * LOW HITPOINT WARNING * * *
Pikel freezes you.
* * * LOW HITPOINT WARNING * * *
The lemure shouts!
You sock Pikel!
Pikel is moderately wounded.
You block Pikel's attack.
As you read the scroll of teleportation, it crumbles to dust.
You feel strangely unstable.
Pikel hits you with a +0 whip of freezing.
You die...

#### ..#######
#######.##....#
5#########.....#.##....#####
..5...............'....'...>
#5K...555..####....#####
#.#####5#..# #....# # #K#..#
#....# #@#.(# #....#
#.#..###########
#.#..##........###
#.#...'........'..
#.#...#........###
#.#...#.....[..#
#.##.##........#
#.##.##........#
#.##........#


You could see Pikel and 4 lemures.

Vanquished Creatures
  A scorpion (D:3)
  2 adders
  An ufetubus (D:4)
  2 adder skeletons (D:4)
  A dart slug (D:1)
  6 orcs
  A ball python (D:1)
  11 endoplasms
  A giant cockroach (D:4)
  6 goblins
  6 hobgoblins
  3 jackals (D:3)
  3 quokkas
  4 bats
  2 frilled lizards (D:2)
  A kobold (D:2)
  7 rats
58 creatures vanquished.

Notes
Turn   | Place    | Note
-------+----------+-------------------------------------------
     0 | D:1      | tomatow the Gargoyle Fighter began the quest for the Orb.
     0 | D:1      | Reached XP level 1. HP: 14/14 MP: 1/1
   384 | D:1      | Reached XP level 2. HP: 11/19 MP: 2/2
  1057 | D:1      | Reached XP level 3. HP: 23/23 MP: 3/3
  1826 | D:2      | Found a faded altar of an unknown god.
  2809 | D:3      | Reached XP level 4. HP: 18/29 MP: 4/4
  3034 | D:3      | Noticed a scorpion
  3044 | D:3      | Killed a scorpion
  3045 | D:3      | Reached XP level 5. HP: 22/33 MP: 5/5
  3388 | D:4      | Found a staircase to the Ecumenical Temple.
  3468 | Temple   | Entered the Ecumenical Temple
  3540 | Temple   | Became a worshipper of Trog the Wrathful
  3661 | D:4      | Reached skill level 4 in Armour
  3705 | D:4      | Noticed a lemure
  3706 | D:4      | Noticed a lemure
  3707 | D:4      | Noticed Pikel
  3707 | D:4      | Noticed a lemure
  3722 | D:4      | Noticed a lemure
  3724 | D:4      | Slain by Pikel

Illustrated notes

Levels and vault maps discovered:
D:1:      tarquinn_simple_flora_water_e, layout_loops_corners
D:2:      layout_basic, shapermc_ecumenical_altar_pompeii
D:3:      layout_basic, minmay_door_square
D:4:      layout_basic, temple_doors_e, kennysheep_orc_chapel, uniq_pikel
Temple:   mainiacjoe_temple_coin_purse

Skill      XL: |  1  2  3  4  5 |
---------------+----------------+-----
Maces & Flails | 3 |  3.9
Armour         | 4 |  4.0
Fighting       | |  3.8
Dodging        | |  0.6
Stealth        | |  0.1
Shields        | |  3.9

Action                   |  1- 3 |  4- 6 || total
-------------------------+-------+-------++-------
Melee: Flail             |   154 |    50 ||   204
  Use: Scroll            |     8 |     1 ||     9
Armor: Scale mail        |    92 |    17 ||   109
Dodge: Dodged            |    91 |    20 ||   111
Block: Buckler           |    44 |     8 ||    52
